 Dungeon Crawl Stone Soup version 0.29.1-13-g9f3cf754e1 (webtiles) character file.

Game seed: 2962581626335181738

373 Thatpatchoflichen the Trooper (level 6, 0/49 HPs)
             Began as a Demonspawn Hunter on Feb 1, 2023.
             Was a Follower of Ru.
             Slain by a scorpion (5 damage)
             ... on level 5 of the Dungeon.
             The game lasted 00:15:22 (3509 turns).

Thatpatchoflichen the Trooper (Demonspawn Hunter)   Turns: 3509, Time: 00:15:22

Health: 0/49       AC:  8    Str: 12    XL:     6   Next: 43%
Magic:  6/6        EV: 10    Int: 14    God:    Ru [*.....]
Gold:   244        SH:  0    Dex: 18    Spells: 5/5 levels left

rFire   . . .      SeeInvis .   a - +0 shortbow
rCold   . . .      Faith    .   (shield currently unavailable)
rNeg    + . .      Spirit   .   A - +0 scale mail {Will+}
rPois   .          Reflect  .   (no helmet)
rElec   .          Harm     .   j - +1 cloak
rCorr   .          Rampage  .   (no gloves)
Will    +....                   (no boots)
Stlth   +.........              t - amulet of the acrobat
HPRegen 0.16/turn               u - ring of positive energy
MPRegen 0.20/turn               (no ring)

@: lethally poisoned (0 -> -11)
A: powered by death 1, magic regeneration, no air magic, no summoning magic, no
transmutations magic, big brain 2
a: Renounce Religion


You were on level 5 of the Dungeon.
You worshipped Ru.
Ru was aware of your devotion.
You visited 1 branch of the dungeon, and saw 5 of its levels.

You collected 244 gold pieces.

Inventory:

Hand Weapons
 a - a +0 shortbow (weapon)
Missiles
 o - 3 boomerangs
 z - 5 poisoned darts
Armour
 j - a +1 cloak (worn)
 k - a +0 chain mail
 r - the +1 ring mail of Meufagoa {Str+7}
   (You found it on level 3 of the Dungeon)

   Str:       It affects your strength (+7).
 A - a +0 scale mail of willpower (worn)
 B - a +2 leather armour of fire resistance
Jewellery
 f - an amulet of magic regeneration
 t - an amulet of the acrobat (around neck)
 u - a ring of positive energy (left hand)
 x - an amulet of guardian spirit
Wands
 w - a wand of paralysis (6)
Scrolls
 b - 3 scrolls of immolation
 d - 4 scrolls of teleportation
 i - a scroll of identify
 q - a scroll of poison {unknown}
 v - a scroll of summoning {unknown}
 y - 2 scrolls of silence
Potions
 c - a potion of heal wounds {unknown}
 e - 3 potions of curing
 g - 2 potions of flight
 h - a potion of degeneration {unknown}
 l - a potion of brilliance
 m - a potion of invisibility {unknown}
 n - a potion of cancellation {unknown}
 p - a potion of attraction {unknown}
 s - a potion of might {unknown}


   Skills:
 + Level 4.4 Fighting
 + Level 4.3 Ranged Weapons
 + Level 4.4 Dodging
 - Level 1.0 Stealth


You had 5 spell levels left.
You didn't know any spells.
Your spell library contained the following spells:

 Spells                   Type           Power      Damage    Failure   Level
 Shock                    Conj/Air       Unusable   1d3       N/A         1
 Swiftness                Air            Unusable   N/A       N/A         3
 Airstrike                Air            Unusable   2d(0-16)  N/A         4

Dungeon Overview and Level Annotations

Branches:
Dungeon (5/15)
 Temple: D:4-7

Altars:
Hepliaklqana
Ru

Annotations:
D:3 Sigmund


Innate Abilities, Weirdness & Mutations

You regenerate a little health from kills.
You regenerate magic rapidly.
You cannot study or cast Air magic.
You cannot study or cast Summoning magic.
You cannot study or cast Transmutations magic.
You have an extremely huge brain. (Int +4)


Message History

You shoot an arrow. The arrow barely misses the scorpion.
You feel very sick. The scorpion stings you.
* * * LOW HITPOINT WARNING * * *
You are lethally poisoned!
The scorpion poisons you!
Fire: a) +0 shortbow
Press: ? - help, Q - select action, (/) - cycle Shift-Dir - straight line, f/p - scorpion
Aim: a scorpion (severely wounded, 65% to hit)
You shoot an arrow.
The arrow hits the scorpion but does no damage.
The scorpion is severely wounded.
* * * LOW HITPOINT WARNING * * *
You feel very sick. The scorpion barely misses you. x2
You feel better. The scorpion barely misses you.
The scorpion completely misses you.
Fire: a) +0 shortbow
Press: ? - help, Q - select action, (/) - cycle Shift-Dir - straight line, f/p - scorpion
Aim: a scorpion (severely wounded, 65% to hit)
You shoot an arrow.
The arrow hits the scorpion but does no damage.
The scorpion is severely wounded.
The scorpion stings you.
* * * LOW HITPOINT WARNING * * *
Fire: a) +0 shortbow
Press: ? - help, Q - select action, (/) - cycle Shift-Dir - straight line, f/p - scorpion
Aim: a scorpion (severely wounded, 65% to hit)
You shoot an arrow. The arrow closely misses the scorpion.
The scorpion misses you. The scorpion stings you.
* * * LOW HITPOINT WARNING * * *
Fire: a) +0 shortbow
Press: ? - help, Q - select action, (/) - cycle Shift-Dir - straight line, f/p - scorpion
Aim: a scorpion (severely wounded, 65% to hit)
You shoot an arrow. The arrow closely misses the scorpion.
The scorpion stings you.
* * * LOW HITPOINT WARNING * * *
You are lethally poisoned!
The scorpion poisons you! The scorpion stings you.
You die...

.........#
........#
#......#
#......###
#........#
#......#
#..<...#
#####..###.#
. #@.....#
..# #s####.#
.... #.#
..... #.#
......#.#
........#
..####
#+#######
#.....##
#[.###


You could see a scorpion.

Vanquished Creatures
  A black bear (D:4)
  An iguana (D:4)
  Ijyb (D:4)
  Natasha (D:3)
  Terence (D:4)
  6 gnolls
  5 adders
  4 worms
  A dart slug (D:1)
  4 orcs
  5 ball pythons
  5 bats
  4 endoplasms
  A giant cockroach (D:2)
  6 hobgoblins
  3 quokkas
  5 frilled lizards
  4 goblins
  10 kobolds
  3 rats
71 creatures vanquished.

Vanquished Creatures (others)
  4 plants (D:3)
4 creatures vanquished.

Grand Total: 75 creatures vanquished

Notes
Turn   | Place    | Note
-------+----------+-------------------------------------------
     0 | D:1      | Thatpatchoflichen the Demonspawn Hunter began the quest for
                  | the Orb.
     0 | D:1      | Reached XP level 1. HP: 16/16 MP: 1/1
    22 | D:1      | Reached skill level 1 in Stealth
    92 | D:1      | Gained mutation: You regenerate a little health from kills.
                  | [demonic ancestry]
    92 | D:1      | Reached XP level 2. HP: 22/22 MP: 2/2
   103 | D:1      | Found a faded altar of an unknown god.
   145 | D:2      | Found a sacrificial altar of Ru.
   150 | D:2      | Became a worshipper of Ru the Awakened
   285 | D:1      | Gained mutation: You regenerate magic rapidly. [demonic
                  | ancestry]
   285 | D:1      | Reached XP level 3. HP: 28/28 MP: 3/3
  1152 | D:2      | Gained mutation: You cannot study or cast Air magic. [Ru
                  | sacrifice]
  1152 | D:2      | Gained mutation: You cannot study or cast Transmutations
                  | magic. [Ru sacrifice]
  1152 | D:2      | Gained mutation: You cannot study or cast Summoning magic.
                  | [Ru sacrifice]
  1152 | D:2      | Reached * piety under Ru
  1367 | D:2      | Reached XP level 4. HP: 35/35 MP: 4/4
  1556 | D:3      | Identified the +1 ring mail of Meufagoa {Str+7}
  1624 | D:3      | Noticed Sigmund
  1863 | D:3      | Noticed Natasha
  1866 | D:3      | Killed Natasha
  1924 | D:3      | Noticed Terence
  1959 | D:4      | Killed Terence
  1960 | D:4      | Gained mutation: You have an unusually large brain. (Int
                  | +2) [demonic ancestry]
  1960 | D:4      | Reached XP level 5. HP: 24/42 MP: 5/5
  2115 | D:4      | Noticed a black bear
  2119 | D:4      | Killed a black bear
  2507 | D:4      | Gained mutation: You have an extremely huge brain. (Int +4)
                  | [demonic ancestry]
  2507 | D:4      | Reached XP level 6. HP: 43/48 MP: 6/6
  2674 | D:4      | Noticed Ijyb
  2676 | D:4      | Paralysed by Ijyb for 5 turns
  2685 | D:4      | Killed Ijyb
  2989 | D:5      | Entered Level 5 of the Dungeon
  3081 | D:5      | Found a hazy altar of Hepliaklqana.
  3509 | D:5      | Slain by a scorpion

Illustrated notes

Levels and vault maps discovered:
D:1:      co_arrival_random_square_maze, layout_basic,
          hellmonk_ecumenical_altar_crossroads
D:2:      layout_basic, basic_altar, dk_vineyard_2
D:3:      layout_basic, cheibrodos_ashenzari_chains,
          mainiacjoe_overflow_alcove_4, ebering_ghost_inner_flame, uniq_sigmund,
          uniq_terence, uniq_natasha
D:4:      layout_loops_ring, corexii_item_surrounded_by_moat, grunt_decor_cap,
          uniq_ijyb
D:5:      layout_basic, hangedman_feature_mirror, uniq_prince_ribbit1,
          uniq_pikel

Skill      XL: |  1  2  3  4  5 |
---------------+----------------+-----
Stealth        | 1 |  1.0
Dodging        | 2 3 4 |  4.4
Ranged Weapons | 4 |  4.3
Fighting       | 3 4 |  4.4

Action                   |  1- 3 |  4- 6 || total
-------------------------+-------+-------++-------
 Fire: Shortbow          |    96 |   177 ||   273
Invok: Sacrifice Arcana  |     1 |       ||     1
  Use: Scroll            |       |     5 ||     5
       Potion            |       |     2 ||     2
Armor: Leather armour    |     9 |     1 ||    10
       Ring mail         |       |    44 ||    44
       Scale mail        |       |     4 ||     4
Dodge: Dodged            |    25 |    80 ||   105
